Map: En périphérie de Nulpar EC

Players

zuka - Winner!

  • Race: Protoss Protoss
  • League: Master
  • Spawn Location: 5:00

Dystopia

  • Race: Protoss Protoss
  • League: Master
  • Spawn Location: 11:00

VOD

Have the link to the VOD?

Description

This build is macro oriented. The goal is to have a solid composition based on zealot, immortal and archon with upgrades. The start is a sentry expand with a phoenix harass into a solid macro game.

* Start with a sentry stalker expand with Stargate
* If the oponent start with 2 stalkers, do 2 more stalkers before expand
* Do 3 phoenix : Harass and scout with them all the game
* Do a robo after the first phoenix (in this game i do it before because my oponent did a pylon close to my Stargate)
* If you see nothing more than 2 gate with your sentry scout : Do a fast forge and a fast third
* Only make Immortal, zealot and archon all the game and wait your oponent with a warp prism close to his base
* Defend using batteryshield if you have any trouble. Be ready for the fight and prepare it
* When he attack, drop with a warp cycle and split the zealots in all-in the base

VOD in French

Time

  • Played on: April 28, 2018, 8:47 a.m.
  • Length: 12:42
Show
View Real Time Build Order
Export as new Build Order

zuka Protoss - Winner!

Build Orders: Phoenix Opening 

Get SALT Encoding   

  12  0:01  Probe  
  13  0:13  Probe  
  14  0:20  Pylon  
  14  0:22  Probe  
  15  0:34  Probe  
  15  0:38  Gateway  
  16  0:46  Probe  
  16  0:48  Assimilator  
  17  0:52  Assimilator  
  17  0:55  Probe  
  17  1:03  Probe  
  19  1:12  Probe  
  19  1:13  Gateway  
  20  1:24  Probe  
  21  1:28  Cybernetics Core  
  21  1:36  Probe  
  22  1:41  Pylon  
  22  1:48  Probe  
  23  1:55  Warp Gate  
  23  2:00  Probe  
  24  2:04  Stalker, Sentry  
  28  2:12  Probe  
  29  2:23  Pylon  
  29  2:32  Stargate  
  29  2:33  Pylon  
  29  2:47  Stalker  
  31  2:52  Stalker, Shield Battery  
  33  3:12  Nexus  
  33  3:19  Probe  
  34  3:28  Probe  
  34  3:29  Robotics Facility  
  35  3:36  Probe  
  36  3:42  Phoenix  
  36  3:46  Probe  
  39  4:03  Pylon  
  39  4:12  Phoenix  
  39  4:17  Immortal  
  39  4:21  Probe  
  39  4:22  Forge  
  42  4:29  Probe  
  47  4:33  Probe  
  47  4:37  Phoenix  
  48  4:41  Probe  
  48  4:45  Probe  
  52  4:52  Pylon  
  52  4:53  Probe  
  52  4:57  Observer, Probe  
  55  5:03  Pylon  
  55  5:05  Probe  
  56  5:09  Probe  
  56  5:11  Assimilator  
  56  5:12  Protoss Ground Weapons Level 1  
  57  5:14  Assimilator  
  58  5:21  Probe  
  58  5:23  Pylon  
  58  5:30  Nexus  
  58  5:31  Probe  
  59  5:40  Probe  
  60  5:44  Probe  
  60  5:48  Immortal  
  61  5:57  Probe x2  
  67  6:08  Twilight Council  
  67  6:09  Probe x2  
  67  6:10  Zealot  
  71  6:14  Gateway  
  71  6:20  Pylon  
  71  6:21  Probe x2  
  71  6:22  Immortal, Gateway  
  77  6:33  Probe x2  
  79  6:42  Protoss Ground Weapons Level 2  
  79  6:45  Probe  
  80  6:49  Probe  
  80  6:52  Zealot  
  80  6:53  Zealot  
  85  6:56  Immortal  
  85  6:57  Probe  
  85  6:59  Templar Archives, Probe  
  92  7:01  Probe  
  92  7:09  Charge, Probe  
  92  7:11  Probe  
  92  7:13  Probe  
  95  7:17  Assimilator  
  95  7:20  Zealot x2  
  99  7:28  Immortal  
  99  7:37  Probe x3  
  99  7:41  High Templar  
  108  7:45  Pylon  
  108  7:49  Pylon x2, Probe  
  109  7:52  Assimilator  
  109  7:55  Pylon  
  109  7:56  Photon Cannon  
  109  8:03  Warp Prism  
  109  8:07  High Templar x2  
  115  8:16  High Templar  
  117  8:20  Archon  
  117  8:21  Archon, Zealot  
  119  8:27  Gateway  
  119  8:29  Immortal, Gateway  
  119  8:33  Gateway  
  119  8:35  Gateway  
  119  8:38  Gateway  
  119  8:40  Gateway  
  123  8:49  High Templar x2, Protoss Ground Weapons Level 3  
  123  8:50  Zealot  
  123  8:51  Zealot  
  123  8:55  Gateway  
  131  9:00  Gateway  
  131  9:04  Pylon  
  131  9:05  Pylon  
  131  9:06  Shield Battery  
  131  9:07  Pylon  
  131  9:12  Zealot x2  
  131  9:14  Archon  
  135  9:27  Nexus  
  135  9:29  Pylon  
  135  9:31  Pylon  
  135  9:36  Pylon  
  135  9:37  Pylon  
  135  9:41  Gateway  
  135  9:44  Pylon  
  135  9:52  Fleet Beacon, High Templar x2  
  137  9:53  High Templar x2, Zealot  
  137  9:54  Zealot x3  
  137  9:55  Zealot  
  137  9:57  Archon x2  
  137  9:59  Zealot x2  
  157  10:10  Shield Battery  
  157  10:13  Shield Battery  
  157  10:15  High Templar x2  
  157  10:17  Zealot x3  
  167  10:21  Archon  
  167  10:22  Zealot  
  167  10:23  Zealot  
  171  10:29  High Templar  
  171  10:30  High Templar, Zealot  
  171  10:32  Zealot  
  171  10:34  Archon  
  179  10:43  Zealot x3  
  179  10:44  Zealot  
  187  10:57  Zealot x4  
  173  11:12  Zealot x4  
  173  11:13  Zealot x4  
  155  11:24  Zealot x4  
  122  11:38  Zealot x2  
  122  11:39  Zealot x2  
  124  11:40  Zealot  
  126  11:50  Probe  
  126  11:51  Probe x3  
  130  12:02  Probe  
  130  12:03  Dark Shrine  
  135  12:14  Probe  
  135  12:15  Probe  
  134  12:17  Assimilator  
  134  12:20  Assimilator  
  127  12:37  High Templar x3  
  127  12:38  High Templar x6  
Show
View Real Time Build Order
Export as new Build Order

Dystopia Protoss 

Build Orders:  

Get SALT Encoding   

  12  0:01  Probe  
  13  0:13  Probe  
  14  0:21  Pylon  
  14  0:25  Probe  
  15  0:35  Probe  
  15  0:40  Gateway  
  16  0:44  Probe  
  16  0:45  Assimilator  
  17  0:53  Assimilator, Probe  
  18  1:01  Probe  
  18  1:10  Probe  
  19  1:11  Gateway  
  20  1:21  Probe  
  21  1:29  Cybernetics Core  
  21  1:35  Probe  
  22  1:41  Pylon  
  22  1:47  Probe  
  23  1:56  Warp Gate  
  23  1:59  Probe  
  24  2:07  Stalker  
  26  2:08  Stalker  
  26  2:11  Probe  
  29  2:21  Pylon  
  29  2:23  Probe  
  30  2:35  Probe  
  31  2:39  Robotics Facility  
  31  2:55  Sentry  
  31  2:57  Stalker  
  35  3:06  Twilight Council  
  35  3:07  Pylon  
  34  3:27  Nexus  
  34  3:30  Immortal  
  38  3:44  Charge  
  38  4:13  Observer  
  39  4:17  Pylon  
  39  4:25  Pylon  
  39  4:34  Gateway  
  39  4:35  Probe  
  39  4:36  Gateway  
  40  4:42  Probe  
  40  4:44  Forge  
  40  4:47  Probe  
  40  4:50  Sentry, Probe  
  40  4:51  Sentry  
  46  4:59  Immortal  
  51  5:02  Probe  
  52  5:11  Probe  
  52  5:13  Pylon  
  52  5:14  Probe  
  54  5:23  Stalker, Probe  
  57  5:30  Stalker  
  59  5:37  Probe x2  
  59  5:42  Stalker  
  62  5:43  Protoss Ground Weapons Level 1  
  62  5:52  Nexus  
  62  5:56  Probe  
  61  6:02  Probe  
  61  6:04  Probe  
  61  6:07  Pylon  
  61  6:10  Probe  
  63  6:12  Probe  
  65  6:23  Probe x2  
  67  6:25  Templar Archives  
  66  6:35  Stalker  
  66  6:37  Assimilator, Probe x2  
  70  6:41  Assimilator  
  70  6:44  Gateway  
  70  6:45  Probe  
  67  6:49  Probe  
  67  6:53  Gateway  
  69  6:54  Probe  
  69  6:55  Gateway  
  70  7:01  Probe  
  70  7:02  Probe  
  70  7:05  Protoss Ground Weapons Level 2, Probe  
  73  7:10  Stalker, Probe  
  73  7:13  Probe  
  77  7:18  Probe  
  77  7:20  Probe  
  79  7:25  Probe  
  79  7:26  Photon Cannon  
  79  7:30  Probe  
  78  7:44  Probe  
  78  7:45  Probe  
  78  7:46  Gateway x2, Probe  
  78  7:49  Gateway  
  81  7:53  High Templar x2  
  81  7:57  Probe x2  
  87  7:59  Pylon  
  87  8:03  Pylon  
  87  8:05  Archon  
  87  8:07  High Templar x2  
  87  8:09  Zealot x2  
  95  8:12  Probe  
  95  8:13  Probe  
  95  8:15  Assimilator  
  95  8:17  Archon, Zealot  
  98  8:23  Photon Cannon  
  98  8:28  Photon Cannon, High Templar x2  
  98  8:30  Probe x2  
  98  8:31  Probe  
  98  8:33  Archon  
  105  8:37  Warp Prism  
  107  8:46  Probe x2  
  109  8:49  Assimilator  
  109  8:50  Probe  
  110  8:58  Probe  
  110  9:02  Zealot x3  
  117  9:08  Pylon  
  117  9:09  Pylon  
  117  9:12  Pylon  
  117  9:14  Pylon, Protoss Ground Weapons Level 3  
  117  9:26  Immortal, Probe x3  
  117  9:31  Nexus  
  124  9:33  Pylon  
  124  9:34  High Templar  
  124  9:35  High Templar  
  124  9:36  High Templar  
  124  9:38  High Templar  
  132  9:44  Archon x2  
  132  9:47  High Templar  
  132  9:49  Zealot x3  
  132  9:50  Zealot  
  142  9:55  Zealot  
  144  10:06  Shield Battery  
  144  10:07  Immortal  
  144  10:08  Pylon  
  144  10:10  Photon Cannon  
  148  10:18  High Templar x2  
  148  10:19  High Templar  
  148  10:20  Zealot  
  156  10:25  Archon  
  156  10:27  Pylon  
  156  10:28  Pylon  
  156  10:30  Pylon  
  156  10:42  Photon Cannon  
  156  10:45  High Templar x2, Archon  
  156  10:46  Observer  
  161  10:53  Zealot x7  
  161  10:54  Zealot  
  177  11:05  Archon  
  157  11:16  Zealot x4  
  157  11:17  Zealot x5  
  63  11:33  Zealot  
  45  11:43  Zealot  
  45  11:44  Zealot x3  
  45  11:45  High Templar x5  
  63  11:48  Probe  
  63  11:52  Archon x2  
  53  11:55  Probe  
  53  12:00  Probe  
  54  12:07  Probe  
  54  12:08  High Templar  
  55  12:24  Zealot x2  
  55  12:27  Archon  
Tags
 
Add a new tag
Caveats
  • Supply blocks, unpowered buildings, or Contaminate may cause inaccurate times.
  • Supply counts are checked every 10 seconds.